 Dungeon Crawl Stone Soup version 0.24.0-13-gcf9b3192b9 (webtiles) character file.

Game seed: 3876148103894407465, levelgen mode: deterministic

51794 floatboth the Impaler (level 14, -5/129 HPs)
             Began as a Minotaur Fighter on Nov 9, 2019.
             Was a High Priest of Lugonu.
             Slain by a manticore (23 damage)
             ... summoned by Kirke
             ... on level 12 of the Dungeon.
             The game lasted 00:51:48 (20595 turns).

floatboth the Impaler (Minotaur Fighter)           Turns: 20595, Time: 00:51:50

Health: -5/129     AC:  0    Str: 23    XL:     14   Next: 24%
Magic:  18/18      EV: 14    Int:  5    God:    Lugonu [*****.]
Gold:   1104       SH:  0    Dex: 13    Spells: 13/13 levels left

rFire    . . .     SeeInvis .   (weapon currently unavailable)
rCold    . . .     Gourm    .   (shield currently unavailable)
rNeg     . . .     Faith    .   (armour currently unavailable)
rPois    .         Spirit   .   (helmet currently unavailable)
rElec    .         Reflect  .   (cloak currently unavailable)
rCorr    .         Harm     .   (gloves currently unavailable)
MR       +....                  (boots currently unavailable)
Stlth    +.........             (no amulet)
HPRegen  0.31/turn              (ring currently unavailable)
MPRegen  0.16/turn              (ring currently unavailable)

@: about to teleport, pig-form, slowed
A: small, (retaliatory headbutt)
a: Depart the Abyss, Bend Space, Banish, Corrupt, Enter the Abyss, Renounce
Religion


You were on level 12 of the Dungeon.
You worshipped Lugonu.
Lugonu was extremely pleased with you.
You were hungry.
You were a filthy swine.
You visited 3 branches of the dungeon, and saw 20 of its levels.
You visited the Abyss 1 time.
You also visited: Sewer.

You collected 1258 gold pieces.
You spent 154 gold pieces at shops.

Inventory:

Hand Weapons
 a - a +0 trident (melded)
 H - a +4 hunting sling
Missiles
 e - 4 curare-tipped darts {!*}
 y - 3 throwing nets
 Q - 89 sling bullets
 U - 28 poisoned darts (quivered)
Armour
 b - a +0 pair of gloves (melded)
 c - a +0 shield (melded)
 j - a +0 pair of boots (melded)
 z - the +4 ring mail of the Mutiny (melded) {Regen+ SInv}
   (You found it on level 7 of the Dungeon)

   It lets you see invisible.
   It increases your rate of regeneration.
 L - a +0 cloak (melded)
 V - a +1 hat (melded)
Jewellery
 o - a +4 ring of evasion (melded)
 s - a ring of protection from magic (melded) {MR+, !d}
 u - the ring of Shadows {Umbra +Inv Stlth+}
   (You took it off an orc on level 8 of the Dungeon)

   [ring of stealth]

   It lets you turn invisible.
   It makes you more stealthy.
 w - an uncursed ring of poison resistance {rPois, !d}
 F - an uncursed ring of protection from fire {rF+, !d}
 P - an uncursed ring of protection from cold {rC+, !d}
 Y - an uncursed ring of flight {+Fly, !d}
Wands
 n - a wand of polymorph (9)
 A - a wand of random effects (24)
 C - a wand of enslavement (4)
 R - a wand of disintegration (11)
 S - a wand of iceblast (9)
Scrolls
 h - 9 scrolls of teleportation
 k - 5 scrolls of blinking {unknown}
 l - a scroll of fear {unknown}
 m - 12 scrolls of identify
 q - 11 scrolls of remove curse
 r - 2 scrolls of amnesia {unknown}
 x - 5 scrolls of immolation {unknown}
 B - 7 scrolls of enchant weapon
 G - a scroll of noise {unknown}
 J - a scroll of acquirement {unknown}
 M - a scroll of random uselessness {unknown}
 N - a scroll of brand weapon {unknown}
 O - 5 scrolls of fog {unknown}
 T - 3 scrolls of magic mapping {unknown}
 W - a scroll of torment {unknown}
Potions
 d - 4 potions of might
 p - 4 potions of cancellation
 v - 3 potions of flight
 D - 3 potions of agility
 E - 3 potions of magic
 Z - a potion of berserk rage {!q}
Miscellaneous
 i - a phial of floods (inert)
 K - a crystal ball of energy
Comestibles
 f - 49 rations


   Skills:
 + Level 13.0 Fighting
 + Level 15.1 Polearms
 - Level 4.0 Slings
 + Level 13.0 Armour
 + Level 1.2 Dodging
 + Level 15.0 Shields
 + Level 7.6 Invocations


You had 13 spell levels left.
You didn't know any spells.
Your spell library contained the following spells:

 Spells                   Type           Power        Failure   Level  Hunger
 Beastly Appendage        Tmut           #.....       47%         1    ##.....
 Freeze                   Ice            #...         47%         1    ##.....
 Sticks to Snakes         Tmut           #.......     63%         2    ###....
 Throw Frost              Conj/Ice       #.....       63%         2    ###....
 Ozocubu's Armour         Chrm/Ice       #.......     85%         3    ####...
 Recall                   Summ/Tloc      N/A          85%         3    ####...
 Spider Form              Tmut/Pois      #.........   85%         3    ####...
 Ice Form                 Ice/Tmut       #.......     99%         4    #####..
 Summon Ice Beast         Ice/Summ       #.......     99%         4    #####..
 Throw Icicle             Conj/Ice       #.......     99%         4    #####..
 Aura of Abjuration       Summ           #.........   100%        5    ######.
 Blade Hands              Tmut           #.........   100%        5    ######.
 Summon Demon             Summ           #.........   100%        5    ######.
 Summon Forest            Summ/Tloc      #.........   100%        5    ######.
 Summon Mana Viper        Hex/Summ       #.......     100%        5    ######.
 Shadow Creatures         Summ           N/A          100%        6    #######


Dungeon Overview and Level Annotations

Branches:
Dungeon (13/15)            Temple (1/1) D:4            Lair (6/6) D:10
 Spider (0/4) Lair:2        Slime (0/5) Lair:5          Orc (0/2) D:10
  Sewer (visited)
  Swamp: Lair:2-4    Shoals: Lair:2-4    Vaults: D:13-14

Altars:
Ashenzari
Cheibriados
Dithmenos
Elyvilon
Fedhas
Gozag
Hepliaklqana
Kikubaaqudgha
Makhleb
Nemelex Xobeh
Okawaru
Qazlal
Ru
Sif Muna
Trog
Uskayaw
Vehumet
Wu Jian
Xom
Yredelemnul
Zin
The Shining One
Lugonu

Shops:
D:7 (   D:10 }

Portals:
Trove: D:10 (give +6 demon whip)

Annotations:
D:6 2 transporters
D:7 2 transporters, DroneFragger's ghost, novice FoFi
D:11 2 transporters, AlterAsc's ghost, journeyman VSTm
D:12 Kirke
Lair:4 3 runed translucent doors, Naqomn's ghost, journeyman TrFi


Innate Abilities, Weirdness & Mutations

((You reflexively headbutt those who attack you in melee.))
((You have a pair of horns on your head.))


Message History

The fire giant casts a spell at you.
The fireball explodes!
The fireball engulfs you!!!
* * * LOW HITPOINT WARNING * * *
There is a stone staircase leading up here.
You climb upwards.
Level annotation: Kirke Kirke hits you!
* * * LOW HITPOINT WARNING * * *
Kirke gestures at you while chanting.
You struggle to resist.
There is a stone staircase leading down, spattered with blood here.
Unknown command.
As you read the scroll of teleportation, it crumbles to dust.
You feel strangely unstable. The manticore bites you!
* * * LOW HITPOINT WARNING * * *
The manticore barely misses you. The manticore closely misses you.
Kirke hits you!
* * * LOW HITPOINT WARNING * * *
The manticore bites you!!
You die...

....(#..#.........#รท..........#..
.....(..#.........'..#####....#..
.....#..#.........#..# #....###
....h#..###########..# #......#
....h#..Kh(.)........# #......#
.....#########h......# #.###+##
...@....h.l..#..k....# #.#.....
.............#.H@....# #.#.....
.............#..h....#####.#.....
.............#.............#.....
.#'###.......#############'#.....
.#...#...........................
#...#...........................
#...+..........[....<...........
#####.#########..#####.........#
...# #### #...####..# .....# #...#
#..#


You could see Kirke, a manticore, a lindwurm and a hog.

Vanquished Creatures
  Fannar (Lair:3)
  4 hydras
  Erica (Lair:2)
  2 catoblepae
  A merfolk avatar (Lair:6)
  2 two-headed ogres (D:8)
  4 death yaks (Lair:4)
  Urug (D:12)
  Sonja (Lair:3)
  2 harpies (Lair:6)
  Pikel (D:9)
  2 manticores
  A cyclops (D:11)
  15 elephants
  Joseph (D:10)
  2 torpor snails
  A merfolk siren (Lair:2)
  A centaur skeleton (D:12)
  7 black mambas
  13 spiny frogs
  4 rime drakes
  5 komodo dragons
  A merfolk (D:9)
  2 trolls
  7 polar bears
  3 wind drakes (Lair:6)
  10 blink frogs
  Grinder (D:5)
  8 hippogriffs
  2 redbacks (Lair:2)
  5 slime creatures
  2 basilisks (Lair:5)
  A spriggan (Lair:1)
  2 vampires
  6 wyverns
  21 yaks
  A hog (D:12)
  3 hungry ghosts
  16 water moccasins
  8 porcupines
  A swamp drake (D:10)
  6 black bears (Lair:2)
  An orc warrior (D:6)
  4 sky beasts
  7 ice beasts
  2 phantoms (D:9)
  An eye of draining (D:11)
  A slave (D:9)
  5 centaurs
  A necrophage (D:9)
  8 ogres
  15 crocodiles
  2 elf zombies (D:4)
  7 big kobolds
  13 bullfrogs
  A wyvern zombie (D:9)
  An elf skeleton (D:4)
  5 scorpions
  3 wights (D:7)
  3 electric eels (D:10)
  A centaur zombie (D:7)
  The ghost of Thargor the Firebug, a weakling DEFE (D:3)
  6 howler monkeys
  2 bullfrog zombies
  7 crimson imps
  5 jellies
  3 hounds
  A human skeleton (D:4)
  3 orc priests
  2 bullfrog skeletons
  2 human zombies (D:4)
  Crazy Yiuf (D:7)
  3 iguanas
  15 orc wizards
  10 worker ants
  A hound skeleton (D:5)
  3 worker ant zombies
  A gnoll (D:7)
  3 river rats (Sewer)
  24 adders
  A howler monkey skeleton (D:9)
  3 shadow imps
  5 oozes
  3 worms
  4 dart slugs
  12 leopard geckos
  56 orcs
  16 giant cockroaches
  8 goblins
  10 hobgoblins
  12 jackals
  5 quokkas
  8 ball pythons
  8 bats
  7 frilled lizards
  12 kobolds
  2 quokka skeletons
  A quokka zombie (D:9)
  12 rats
537 creatures vanquished.

Vanquished Creatures (collateral kills)
  A jelly (D:8)
  An orc (D:8)
2 creatures vanquished.

Vanquished Creatures (others)
  An unseen horror (D:12)
  An adder (D:9)
  An orc (D:9)
  10 fungi
  8 plants
21 creatures vanquished.

Grand Total: 560 creatures vanquished

Notes
Turn   | Place    | Note
-------+----------+-------------------------------------------
     0 | D:1      | floatboth the Minotaur Fighter began the quest for the Orb.
     0 | D:1      | Reached XP level 1. HP: 19/19 MP: 0/0
   321 | D:1      | Reached XP level 2. HP: 25/27 MP: 1/1
   588 | D:1      | Reached skill level 4 in Armour
   695 | D:2      | Reached skill level 4 in Fighting
   697 | D:2      | Reached skill level 4 in Shields
   763 | D:2      | Reached XP level 3. HP: 29/33 MP: 2/2
   765 | D:2      | Reached skill level 3 in Polearms
   983 | D:2      | Reached XP level 4. HP: 37/40 MP: 3/3
  1542 | D:3      | Found a runed translucent gate.
  1542 | D:3      | Found a runed translucent gate.
  1542 | D:3      | Found a runed translucent gate.
  1552 | D:3      | Noticed Thargor's ghost (weakling DEFE)
  1612 | D:3      | Found a bloodstained altar of Trog.
  1652 | D:3      | Found a shattered altar of Ashenzari.
  1774 | D:3      | Reached XP level 5. HP: 47/47 MP: 4/4
  1855 | D:3      | Reached skill level 4 in Polearms
  1953 | D:3      | Found a stormy altar of Qazlal.
  2161 | D:3      | Killed Thargor's ghost
  2161 | D:3      | Reached skill level 5 in Fighting
  2161 | D:3      | Reached skill level 5 in Armour
  2161 | D:3      | Reached skill level 5 in Shields
  2187 | D:4      | Reached XP level 6. HP: 45/56 MP: 5/5
  2249 | D:4      | Got a shadowed robe
  2494 | D:4      | Found a staircase to the Ecumenical Temple.
  2568 | Temple   | Entered the Ecumenical Temple
  2600 | Temple   | Became a worshipper of Lugonu the Unformed
  2600 | Temple   | Reached * piety under Lugonu
  2932 | D:4      | Reached XP level 7. HP: 39/62 MP: 6/6
  2944 | D:4      | Reached skill level 5 in Polearms
  3392 | D:5      | Entered Level 5 of the Dungeon
  3392 | D:5      | Found a shimmering altar of Xom.
  3392 | D:5      | Found an iron altar of Okawaru.
  3395 | D:5      | Found a shadowy altar of Dithmenos.
  3395 | D:5      | Found a sacrificial altar of Ru.
  3396 | D:5      | Found a radiant altar of Vehumet.
  3423 | D:5      | Noticed a wyvern
  3428 | D:5      | Killed a wyvern
  3428 | D:5      | Reached skill level 6 in Fighting
  3428 | D:5      | Reached skill level 6 in Armour
  3428 | D:5      | Reached skill level 6 in Shields
  3455 | D:5      | Noticed Grinder
  3464 | D:5      | Killed Grinder
  3464 | D:5      | Reached XP level 8. HP: 39/71 MP: 7/7
  3488 | D:5      | Reached skill level 6 in Polearms
  3726 | D:5      | Found a sparkling altar of Nemelex Xobeh.
  3763 | D:5      | Reached ** piety under Lugonu
  3854 | D:5      | Reached skill level 7 in Armour
  3871 | D:5      | Reached skill level 7 in Fighting
  3871 | D:5      | Reached skill level 7 in Shields
  4273 | D:5      | Found a stormy altar of Qazlal.
  4550 | D:6      | Identified the cursed +0 robe of Dim Light {rF+ MR+} (You
                  | found it on level 4 of the Dungeon)
  4742 | D:6      | Reached skill level 7 in Polearms
  4829 | D:6      | Found a transporter.
  4892 | D:6      | Found a glowing drain.
  4908 | Sewer    | Entered a sewer
  5077 | Sewer    | Reached skill level 8 in Armour
  5077 | Sewer    | Reached XP level 9. HP: 81/81 MP: 8/8
  5121 | Sewer    | Reached *** piety under Lugonu
  5144 | Sewer    | Reached skill level 8 in Fighting
  5144 | Sewer    | Reached skill level 8 in Shields
  5710 | D:6      | Found a transporter.
  5823 | D:6      | Reached skill level 8 in Polearms
  5965 | D:6      | Found a hide-covered altar of Uskayaw.
  6048 | D:6      | Found a shimmering blue altar of Sif Muna.
  6295 | D:7      | Reached **** piety under Lugonu
  6371 | D:7      | Found Emoac's Antique Weapon Emporium.
  6400 | D:7      | Found a hazy altar of Hepliaklqana.
  6432 | D:7      | Reached skill level 9 in Armour
  6455 | D:7      | You fall into a shaft and drop 3 floors!
  6455 | D:10     | Entered Level 10 of the Dungeon
  6465 | D:10     | Reached skill level 9 in Fighting
  6465 | D:10     | Reached skill level 9 in Shields
  6572 | D:10     | Found Gocyab's Gadget Shop.
  6821 | D:10     | Found a staircase to the Orcish Mines.
  6857 | D:10     | Bought a wand of iceblast (10) for 154 gold pieces
  6889 | D:9      | Reached skill level 9 in Polearms
  6889 | D:9      | Reached XP level 10. HP: 77/91 MP: 9/9
  7142 | D:8      | Noticed a two-headed ogre
  7162 | D:8      | HP: 14/91 [two-headed ogre/+0 giant club (12)]
  7170 | D:8      | Noticed a two-headed ogre
  7176 | D:8      | HP: 21/136 [wyvern (11)]
  7181 | D:8      | Killed a two-headed ogre
  7189 | D:8      | HP: 11/139 [two-headed ogre/+0 giant club (14)]
  7492 | D:7      | Got a crude ring mail
  7503 | D:7      | Identified the +4 ring mail of the Mutiny {Regen+ SInv}
                  | (You found it on level 7 of the Dungeon)
  7575 | D:7      | Found a transporter.
  7576 | D:7      | Noticed DroneFragger's ghost (novice FoFi)
  7577 | D:7      | Found a transporter.
  7578 | D:7      | Identified the cursed +0 dire flail "Zucofuoc" {crush, rF+
                  | Int+2}
  7578 | D:7      | Identified the +10 dire flail of Ciskices {crush, -Tele rF+
                  | Int+4 Stlth+}
  7578 | D:7      | Noticed a two-headed ogre
  7603 | D:7      | Reached ***** piety under Lugonu
  7687 | D:7      | Reached skill level 10 in Fighting
  7856 | D:7      | Reached skill level 10 in Armour
  7856 | D:7      | Reached skill level 10 in Shields
  7891 | D:7      | Found a runed translucent door.
  7892 | D:7      | Noticed Crazy Yiuf
  8089 | D:7      | Killed Crazy Yiuf
  8270 | D:8      | Reached skill level 10 in Polearms
  8323 | D:8      | HP: 18/93 [two-headed ogre/+0 giant club (23)]
  8325 | D:8      | Killed a two-headed ogre
  8487 | D:8      | Found an opulent altar of Gozag.
  8566 | D:8      | Found an iron altar of Okawaru.
  8584 | D:8      | Found a snail-covered altar of Cheibriados.
  8740 | D:9      | Found a burning altar of Makhleb.
  8845 | D:9      | Reached skill level 1 in Invocations
  9126 | D:9      | Noticed Pikel
  9140 | D:9      | Killed Pikel
  9140 | D:9      | Reached XP level 11. HP: 76/101 MP: 11/11
  9239 | D:9      | Found a basalt altar of Yredelemnul.
  9257 | D:9      | Reached skill level 2 in Invocations
  9781 | D:10     | Found a staircase to the Lair.
  9796 | Lair:1   | Entered Level 1 of the Lair of Beasts
  9985 | Lair:1   | Reached skill level 11 in Polearms
 10428 | D:10     | Found a portal to a secret trove of treasure.
 10661 | D:10     | Reached skill level 11 in Shields
 10709 | D:10     | Noticed Joseph
 10730 | D:10     | Killed Joseph
 10730 | D:10     | Reached skill level 3 in Invocations
 11339 | D:12     | Noticed a two-headed ogre
 11386 | D:11     | Noticed a two-headed ogre
 11391 | D:11     | a two-headed ogre changed into a manticore
 11490 | D:11     | Reached skill level 4 in Invocations
 11534 | D:11     | Found a transporter.
 11536 | D:11     | Found a transporter.
 11537 | D:11     | Noticed AlterAsc's ghost (journeyman VSTm)
 11850 | D:11     | Reached skill level 11 in Fighting
 12346 | Lair:1   | Reached skill level 11 in Armour
 12679 | Lair:2   | Reached skill level 5 in Invocations
 12706 | Lair:2   | Found a hole to the Spider Nest.
 12716 | Lair:2   | Reached skill level 12 in Polearms
 12772 | Lair:2   | Noticed Erica
 12783 | Lair:2   | Killed Erica
 12786 | Lair:2   | Reached skill level 12 in Shields
 12786 | Lair:2   | Reached XP level 12. HP: 104/110 MP: 13/15
 12808 | Lair:2   | Reached ****** piety under Lugonu
 12828 | Lair:2   | HP: 22/110 [black bear (11)]
 13090 | Lair:2   | Reached skill level 6 in Invocations
 13098 | Lair:2   | You fall into a shaft and drop 1 floor!
 13104 | Lair:3   | Noticed Sonja
 13121 | Lair:3   | Killed Sonja
 13353 | Lair:3   | You fall into a shaft and drop 3 floors!
 13353 | Lair:6   | Entered Level 6 of the Lair of Beasts
 13371 | Lair:6   | Noticed a catoblepas
 13418 | Lair:6   | Killed a catoblepas
 13654 | Lair:6   | Reached skill level 1 in Slings
 13864 | Lair:5   | Found a staircase to the Slime Pits.
 13908 | Lair:5   | Reached skill level 13 in Polearms
 14025 | Lair:5   | Reached skill level 2 in Slings
 14040 | Lair:5   | Reached skill level 13 in Shields
 14241 | Lair:4   | Noticed an eight-headed hydra
 14262 | Lair:4   | Killed an eight-headed hydra
 14346 | Lair:4   | Reached skill level 12 in Fighting
 14431 | Lair:4   | Reached skill level 3 in Slings
 14444 | Lair:4   | Reached skill level 12 in Armour
 14511 | Lair:4   | Reached XP level 13. HP: 107/118 MP: 16/16
 14560 | Lair:4   | Found a runed translucent gate.
 14604 | Lair:4   | Found a runed translucent gate.
 14604 | Lair:4   | Found a runed translucent gate.
 14647 | Lair:4   | Noticed a minotaur
 14648 | Lair:4   | Noticed Naqomn's ghost (journeyman TrFi)
 15201 | Lair:3   | Noticed Fannar
 15235 | Lair:3   | Killed Fannar
 16206 | Lair:4   | Reached skill level 4 in Slings
 16460 | Lair:4   | Reached skill level 14 in Polearms
 16513 | Lair:4   | Reached skill level 14 in Shields
 17531 | Lair:6   | Reached skill level 7 in Invocations
 18003 | Lair:6   | Reached XP level 14. HP: 109/127 MP: 18/18
 18054 | Lair:6   | HP: 22/127 [drowned by a drowned soul[a merfolk avatar]
                  | (17)]
 18061 | Lair:6   | HP: 29/127 [drowned by a drowned soul[a merfolk avatar]
                  | (11)]
 18426 | Lair:6   | HP: 23/127 [drowned by a drowned soul[a merfolk avatar]
                  | (17)]
 18504 | Abyss:1  | HP: 22/127 [smoke demon/divine providence (13)]
 18507 | Lair:6   | Escaped the Abyss
 18741 | Lair:6   | Reached skill level 15 in Polearms
 19327 | Lair:6   | Reached skill level 13 in Fighting
 19373 | Lair:6   | Got a pitted morningstar
 19384 | Lair:6   | Identified the cursed +0 morningstar "Visk" {venom, +Blink
                  | rC++ Int-2 Stlth+} (You found it on level 6 of the Lair of
                  | Beasts)
 19839 | D:12     | Noticed Urug
 19863 | D:12     | Killed Urug
 19863 | D:12     | Reached skill level 15 in Shields
 20132 | D:12     | Reached skill level 13 in Armour
 20141 | D:12     | Noticed Kirke
 20238 | D:12     | HP: 30/129 [something (11)]
 20267 | D:12     | HP: 27/129 [something (7)]
 20268 | D:12     | HP: 12/129 [something (7)]
 20272 | D:12     | Reached skill level 1 in Dodging
 20580 | D:13     | Noticed a fire giant
 20595 | D:12     | HP: 28/129 [manticore[Kirke] (9)]
 20595 | D:12     | Slain by a manticore

Levels and vault maps discovered:
D:1:      minmay_arrival_stone_box, layout_loops_ring, minmay_tripent
D:2:      minmay_diamond_boxcup, layout_loops_ring
D:3:      kb_forest_paths, layout_basic, overflow_temple_1_default,
          ashenzari_altar_1, grunt_qazlal_sundering, ebering_ghost_rock_garden,
          kennysheep_another_room
D:4:      layout_cave_pods, minmay_temple_entry_sparse_star,
          nicolae_ossuary_entry_catacombs
D:5:      layout_gridville, nicolae_overflow_crystal_walls,
          grunt_temple_overflow_open, basic_altar, first_ration,
          minmay_manual_monstrance, uniq_grinder
D:6:      gammafunk_steamed_eel, layout_basic, eat_drink_and_be_merry_uskayaw,
          lemuel_blue_sif_altar, gup_sewer_entry_pipe
D:7:      layout_loops_ring, kennysheep_mini_moat, serial_shops,
          nicolae_shop_behind_doors, enter_bailey_7, gammafunk_ghost_smash,
          st_stairs_9, uniq_crazy_yiuf_cottage
D:8:      layout_rooms, cheibriados_altar_1, kennysheep_mini, basic_altar
D:9:      layout_basic, yredelemnul_altar_generic, lightli_temple_of_fire,
          hangedman_fish_farm, serial_bayou_pond_c, uniq_pikel
D:10:     kennysheep_spiral_hall, layout_basic, erik_orc_1,
          nicolae_trove_entry_free_sample, serial_shops, shop, serial_glass,
          glass_columns_b, glass_columns_a, glass_columns_b, glass_columns_a,
          uniq_joseph
D:11:     layout_loops_ring, gammafunk_ghost_hive, chequers_jeans
D:12:     layout_irregular_city, uniq_urug, uniq_kirke
D:13:     minmay_glassy_protrusions, layout_basic
Temple:   corrupted_temple
Lair:1:   layout_loops_ring, grunt_forest_large_clearing_hut
Lair:2:   beast_lair_carwin_large_3, layout_loops_ring,
          elwin_shoals_entry_rooms, spider_nest_entry_webs, grunt_megastairs_5,
          uniq_erica
Lair:3:   layout_small_grid, serial_forest, infiniplex_forest_split,
          infiniplex_forest_clump_medium, infiniplex_forest_clump_small,
          infiniplex_forest_zigzag_1, infiniplex_forest_corner_1,
          chequers_serial_rivers_large_a, uniq_fannar, uniq_sonja
Lair:4:   layout_gridlike, maelrawn_ghost_gauntlet_escape,
          hangedman_lair_generics_rect, grunt_megastairs_1
Lair:5:   layout_big_grid, slime_dummy, small_statue_intersection,
          lemuel_fruit_tree
Lair:6:   gammafunk_lair_ancient_temple, layout_gridlike, grunt_megastairs_4

Skill      XL: |  1  2  3  4  5  6  7  8  9 10 11 12 13 14 |
---------------+-------------------------------------------+-----
Armour         | 4 5 6 8 9 10 11 12 13 | 13.0
Fighting       | 4 5 6 7 9 10 11 12 13 | 13.0
Shields        | 4 5 6 7 9 10 12 13 14 15 | 15.0
Polearms       | 3 4 5 7 9 10 12 13 14 15 | 15.1
Invocations    | 1 5 6 7 |  7.6
Slings         | 3 4 |  4.0
Dodging        | 1 |  1.2

Action                   |  1- 3 |  4- 6 |  7- 9 | 10-12 | 13-15 || total
-------------------------+-------+-------+-------+-------+-------++-------
Melee: Trident           |   103 |   210 |   566 |  1141 |   852 ||  2872
       Headbutt          |    11 |    24 |    94 |   229 |   234 ||   592
       Unarmed           |       |       |       |       |     4 ||     4
 Fire: Hunting sling     |       |       |       |     4 |       ||     4
Throw: Throwing net      |       |       |     1 |       |       ||     1
       Dart              |       |       |       |     5 |    16 ||    21
Invok: Bend Space        |       |       |       |       |     3 ||     3
       Banish            |       |       |       |       |     2 ||     2
       Depart the Abyss  |       |       |       |       |     1 ||     1
       Enter the Abyss   |       |       |       |       |     1 ||     1
Evoke: Wand              |       |       |       |    22 |     8 ||    30
       Phial of floods   |       |       |       |       |     1 ||     1
  Use: Scroll            |       |       |     5 |       |    14 ||    19
       Potion            |       |       |     2 |     7 |     9 ||    18
 Stab: Confused          |       |       |     1 |     3 |     2 ||     6
  Eat: Ration            |       |     1 |       |     1 |     1 ||     3
       Chunk             |       |     3 |    14 |    25 |    17 ||    59
Armor: Scale mail        |    34 |    54 |   113 |    21 |       ||   222
       Ring mail         |       |       |       |   237 |   180 ||   417
       Skin              |       |       |       |    10 |       ||    10
Dodge: Dodged            |    33 |   103 |   219 |   402 |   215 ||   972
Block: Shield            |     5 |       |       |   390 |   385 ||   780
       Buckler           |    14 |    37 |    96 |    38 |       ||   185
